 Dungeon Sprint DCSS version 0.28.0-43-g3370ac3207 (webtiles) character file.

Game seed: 10332581932210900344

1284 boopmooplesden the Cleaver (level 8, -3/132 HPs)
             Began as a Minotaur Berserker on Mar 15, 2022.
             Was an Elder of Trog.
             Slain by a centaur warrior (8 damage)
             ... in the Dungeon (Sprint I: "Red Sonja").
             The game lasted 00:01:15 (479 turns).

boopmooplesden the Cleaver (Minotaur Berserker)      Turns: 479, Time: 00:01:16

Health: -3/132     AC:  3    Str: 23    XL:     8   Next: 29%
Magic:  7/7        EV: 14    Int:  4    God:    Trog [****..]
Gold:   428        SH:  0    Dex: 11    Spells: 7/7 levels left

rFire   . . .      SeeInvis .   a - +0 hand axe
rCold   . . .      Faith    .   (no shield)
rNeg    . . .      Spirit   .   j - +0 leather armour
rPois   .          Reflect  .   (helmet restricted)
rElec   .          Harm     .   (no cloak)
rCorr   .          Rampage  .   (no gloves)
Will    .....      NoTele   +   (no boots)
Stlth   ..........              (no amulet)
HPRegen 0.32/turn               (no ring)
MPRegen 0.10/turn               (no ring)

@: berserking, very quick
A: horns 2, retaliatory headbutt
a: Renounce Religion, Berserk, Trog's Hand, Brothers in Arms


You were in the Dungeon.
You worshipped Trog.
Trog was greatly pleased with you.
You visited 1 branch You collected 428 gold pieces.

Inventory:

Hand Weapons
 a - a +0 hand axe (weapon)
Armour
 b - a +0 animal skin
 j - a +0 leather armour (worn)
Wands
 i - a wand of digging (5)
Scrolls
 h - a scroll of blinking
Potions
 c - a potion of curing
 d - a potion of heal wounds
 e - a potion of haste
 f - 2 potions of magic
 g - a potion of berserk rage


   Skills:
 + Level 13.8 Fighting
 + Level 14.2 Axes
 + Level 7.1 Armour
 + Level 7.5 Dodging
 + Level 0.7 Stealth


You had 7 spell levels left.
You didn't know any spells.
Your spell library was empty.

Dungeon Overview and Level Annotations

Branches:
Dungeon (1/1)

Altars:
Cheibriados
Dithmenos
Elyvilon
Fedhas
Gozag
Hepliaklqana
Kikubaaqudgha
Makhleb
Nemelex Xobeh
Okawaru
Qazlal
Ru
Sif Muna
Trog
Uskayaw
Vehumet
Wu Jian
Xom
Yredelemnul
Zin
The Shining One
Jiyva
Lugonu

Shops:
D ?


Innate Abilities, Weirdness & Mutations

You have a pair of horns on your head.
You reflexively headbutt those who attack you in melee.


Message History

The centaur warrior moves out of view.
There is an open door here.
You enter the shallow water.
Moving in this stuff is going to be slow.
Found a whip and 13 gold pieces.
The centaur warrior shouts! x2
The centaur warrior wields a +0 shortbow.
The centaur warrior shoots an arrow.
The arrow misses you.
The centaur warrior wields a +0 shortbow.
The centaur warrior shoots an arrow.
The arrow hits you!!
The centaur warrior shoots an arrow.
The arrow hits you!!
The centaur warrior shoots an arrow.
The arrow hits you!!
* * * LOW HITPOINT WARNING * * *
A red film seems to cover your vision as you go berserk!
You feel yourself moving faster!
You feel mighty!
You feel a strong urge to attack something.
The centaur warrior unwields a +0 shortbow.
The centaur warrior hits you but does no damage.
The centaur warrior kicks you.
* * * LOW HITPOINT WARNING * * *
The centaur warrior unwields a +0 shortbow.
The centaur warrior hits you!
* * * LOW HITPOINT WARNING * * *
The centaur warrior closely misses you.
You slash the centaur warrior!
The centaur warrior is lightly wounded.
You closely miss the centaur warrior. The centaur warrior hits you!
* * * LOW HITPOINT WARNING * * *
The centaur warrior barely misses you.
You slash the centaur warrior! You headbutt the centaur warrior!
The centaur warrior is heavily wounded.
You hit the centaur warrior. The centaur warrior hits you.
* * * LOW HITPOINT WARNING * * *
The centaur warrior kicks you but does no damage.
Unknown command.
You slash the centaur warrior!
You headbutt the centaur warrior, but do no damage.
The centaur warrior is severely wounded.
You hit the centaur warrior. The centaur warrior hits you!
You die...

#######################
#.))..#..'..#__#..'.).#
'..#..').#..'..'..#)..#
#####'#####'#__####...+
####..#...#)####§$#####
#__####..##.#≈§≈@.#
#_____##'#_.§§§cc.+
#_.∩...†..._#≈§§§§#
#_..__##_.#'##+####
#_____###+#.# #######
###


You could see 2 centaur warriors.

Vanquished Creatures
  2 kobold demonologists (D)
  A slime creature (D)
  Sigmund (D)
  A yak (D)
  A floating eye (D)
  An ogre (D)
  A jelly (D)
  Ijyb (D)
9 creatures vanquished.

Notes
Turn   | Place    | Note
-------+----------+-------------------------------------------
     0 | D        | boopmooplesden the Minotaur Berserker began the quest for
                  | the Orb.
     0 | D        | Reached XP level 1. HP: 19/19 MP: 0/0
     3 | D        | Noticed Ijyb
    11 | D        | Killed Ijyb
    12 | D        | Reached skill level 5 in Fighting
    12 | D        | Reached skill level 5 in Axes
    12 | D        | Reached XP level 2. HP: 29/29 MP: 1/1
    56 | D        | Noticed an ogre
    58 | D        | Killed an ogre
    59 | D        | Reached skill level 8 in Axes
    59 | D        | Reached XP level 3. HP: 40/40 MP: 2/2
    59 | D        | Reached XP level 4. HP: 48/48 MP: 3/3
    96 | D        | Noticed Sigmund
   112 | D        | Killed Sigmund
   112 | D        | Reached ** piety under Trog
   113 | D        | Reached skill level 10 in Fighting
   113 | D        | Reached skill level 10 in Axes
   113 | D        | Reached skill level 5 in Armour
   113 | D        | Reached skill level 5 in Dodging
   113 | D        | Reached XP level 5. HP: 20/58 MP: 4/4
   113 | D        | Reached XP level 6. HP: 23/66 MP: 5/5
   322 | D        | Found a burning altar of Makhleb.
   322 | D        | Found a viscous altar of Jiyva.
   322 | D        | Found a shimmering altar of Xom.
   322 | D        | Found a corrupted altar of Lugonu.
   322 | D        | Noticed a slime creature
   326 | D        | Killed a slime creature
   327 | D        | Reached skill level 11 in Axes
   376 | D        | Noticed a kobold demonologist
   378 | D        | Noticed a floating eye
   378 | D        | Noticed a kobold demonologist
   381 | D        | Killed a floating eye
   382 | D        | Reached skill level 12 in Axes
   382 | D        | Reached XP level 7. HP: 75/75 MP: 6/6
   384 | D        | Noticed a rust devil
   385 | D        | Killed a kobold demonologist
   385 | D        | Reached *** piety under Trog
   386 | D        | Reached skill level 13 in Axes
   386 | D        | Killed a kobold demonologist
   387 | D        | Reached XP level 8. HP: 86/86 MP: 7/7
   398 | D        | Found a shimmering blue altar of Sif Muna.
   399 | D        | Found an ornate altar of the Wu Jian Council.
   400 | D        | Found a radiant altar of Vehumet.
   430 | D        | Found Cedelic's Magic Scroll Emporium.
   430 | D        | Found an ancient bone altar of Kikubaaqudgha.
   430 | D        | Found a hazy altar of Hepliaklqana.
   430 | D        | Found a hide-covered altar of Uskayaw.
   430 | D        | Found a basalt altar of Yredelemnul.
   430 | D        | Found an opulent altar of Gozag.
   430 | D        | Found a snail-covered altar of Cheibriados.
   430 | D        | Found a sacrificial altar of Ru.
   430 | D        | Found a shadowy altar of Dithmenos.
   437 | D        | Reached **** piety under Trog
   438 | D        | Reached skill level 14 in Axes
   438 | D        | Found a stormy altar of Qazlal.
   438 | D        | Found a blossoming altar of Fedhas.
   438 | D        | Found a bloodstained altar of Trog.
   438 | D        | Found an iron altar of Okawaru.
   438 | D        | Found a glowing golden altar of the Shining One.
   438 | D        | Found a glowing silver altar of Zin.
   438 | D        | Found a white marble altar of Elyvilon.
   439 | D        | Found a sparkling altar of Nemelex Xobeh.
   470 | D        | Noticed a centaur warrior
   471 | D        | Noticed a centaur warrior
   478 | D        | HP: 5/132 [centaur warrior (3)]
   479 | D        | Slain by a centaur warrior

Illustrated notes

Levels and vault maps discovered:
D:        dungeon_sprint_1 [red_sonja_temple_1, red_sonja_temple_small_1]

Skill      XL: |  1  2  3  4  5  6  7  8 |
---------------+-------------------------+-----
Fighting       | 5 7 10 11 13 | 13.8
Axes           | 5 8 10 12 13 14 | 14.2
Armour         | 3 4 5 6 7 |  7.1
Dodging        | 3 4 5 6 7 |  7.5
Stealth        | |  0.7

Action                   |  1- 3 |  4- 6 |  7- 9 || total
-------------------------+-------+-------+-------++-------
Melee: Hand axe          |     8 |    17 |    17 ||    42
       Headbutt          |     1 |     2 |     3 ||     6
       Punch             |     1 |       |       ||     1
Invok: Berserk           |     2 |     3 |     1 ||     6
Armor: Leather armour    |       |       |     2 ||     2
Dodge: Dodged            |     5 |     2 |     7 ||    14
